 Dungeon Crawl Stone Soup version 0.27-a0-169-gd3d0dda1a4 (webtiles) character file.

Game seed: 17676158079323392810

66 KristoblXynda the Slasher (level 3, -1/43 HPs)
             Began as a Vampire Berserker on Jan 28, 2021.
             Was a Believer of Trog.
             Slain by a gnoll (7 damage)
             ... on level 2 of the Dungeon.
             The game lasted 00:01:37 (1123 turns).

KristoblXynda the Slasher (Vampire Berserker)       Turns: 1123, Time: 00:01:38

Health: -1/43      AC:  2    Str: 16    XL:     3   Next: 96%
Magic:  3/3        EV: 13    Int: 10    God:    Trog [**....]
Gold:   49         SH:  0    Dex: 13    Spells: 2/2 levels left

rFire    . . .     SeeInvis +   a - +0 falchion
rCold    . . .     Faith    .   (no shield)
rNeg     . . .     Spirit   .   b - +0 animal skin
rPois    .         Reflect  .   (no helmet)
rElec    .         Harm     .   (no cloak)
rCorr    .         Rampage  .   (no gloves)
Will     .....                  (no boots)
Stlth    ..........             j - amulet of regeneration
HPRegen  0.74/turn              (no ring)
MPRegen  0.08/turn              (no ring)

@: berserking, regenerating quickly, very quick
A: fangs 3, see invisible, unbreathing
a: Exsanguinate, Renounce Religion, Berserk, Trog's Hand


You were on level 2 of the Dungeon.
You worshipped Trog.
Trog was pleased with you.
You visited 1 branch of the dungeon, and saw 2 of its levels.

You collected 49 gold pieces.

Inventory:

Hand Weapons
 a - a +0 falchion (weapon)
Armour
 b - a +0 animal skin (worn)
Jewellery
 j - an amulet of regeneration (around neck)
Scrolls
 c - a scroll of fog {unknown}
 e - a scroll of amnesia {unknown}
 f - a scroll of enchant weapon {unknown}
 g - a scroll of remove curse {unknown}
Potions
 d - a potion of haste {unknown}
 h - a potion of invisibility {unknown}
 i - a potion of flight {unknown}


   Skills:
 - Level 3.0 Fighting
 + Level 3.5 Long Blades
 + Level 2.2 Armour
 + Level 3.0 Dodging
 + Level 1.7 Stealth


You had 2 spell levels left.
You didn't know any spells.
Your spell library was empty.

Dungeon Overview and Level Annotations

Branches:
Dungeon (2/15)

Altars:
Zin


Innate Abilities, Weirdness & Mutations

Your natural rate of healing is unusually fast.
You have razor-sharp teeth.
You have supernaturally acute eyesight. (SInv)
You can survive without breathing.


Message History

You kill the gnoll!
Trog accepts your kill. The gnoll barely misses you.
The gnoll hits you with a +0 flail.
* * * LOW HITPOINT WARNING * * *
You slash the gnoll!
The gnoll is severely wounded.
You slash the gnoll!
You kill the gnoll!
Trog accepts your kill. The gnoll hits you.
* * * LOW HITPOINT WARNING * * *
Your Dodging skill increases to level 3!
You slash the gnoll!
The gnoll is severely wounded.
The gnoll misses you.
You riposte.
You hit the gnoll.
The gnoll is almost dead.
You barely miss the gnoll.
The gnoll is almost dead.
The gnoll hits you!
You die...

#.# #.
####.####
#.......#
#.##.##.#
# #>##.#
..##.#
#####.##
#....)#
#(...###@#
#... #g#
### #..
..## ###


You could see a gnoll.

Vanquished Creatures
  3 gnolls (D:2)
  A worm (D:2)
  A dart slug (D:1)
  2 leopard geckos (D:1)
  A ball python (D:1)
  5 bats (D:1)
  2 giant cockroaches (D:1)
  2 goblins (D:1)
  4 hobgoblins (D:1)
  4 kobolds
  A quokka (D:2)
  A rat (D:1)
27 creatures vanquished.

Vanquished Creatures (others)
  An adder (D:2)
1 creature vanquished.

Grand Total: 28 creatures vanquished

Notes
Turn   | Place    | Note
-------+----------+-------------------------------------------
     0 | D:1      | KristoblXynda the Vampire Berserker began the quest for the
                  | Orb.
     0 | D:1      | Reached XP level 1. HP: 17/17 MP: 1/1
   228 | D:1      | Reached XP level 2. HP: 23/23 MP: 2/2
   448 | D:1      | Reached ** piety under Trog
   683 | D:1      | Reached XP level 3. HP: 29/29 MP: 3/3
   923 | D:2      | Found a glowing silver altar of Zin.
  1116 | D:2      | Reached skill level 1 in Stealth
  1123 | D:2      | Slain by a gnoll

Illustrated notes

Levels and vault maps discovered:
D:1:      amcnicky_arrival_choice, layout_basic
D:2:      layout_loops_cross, lemuel_round_altar, fiery_altar_vehumet,
          nicolae_dithmenos_shadow_blocks, uniq_jessica, uniq_robin

Skill      XL: |  1  2  3 |
---------------+----------+-----
Fighting       | 3 |  3.0
Armour         | 2 |  2.2
Stealth        | 1 |  1.7
Dodging        | 3 |  3.0
Long Blades    | |  3.5

Action                   || total
-------------------------++-------
Melee: Falchion          ||    65
       Bite              ||     4
Invok: Berserk           ||     4
 Stab: Sleeping          ||     3
Armor: Animal skin       ||    11
Dodge: Dodged            ||    59
       Rpst.: Falchion   ||    20

Table legend: (Time is in decaauts)
 A = Elapsed time spent in this place.
 B = Non-inter-level travel time spent in this place.
 C = Inter-level travel time spent in this place.
 D = Time resting spent in this place.
 E = Time spent auto-exploring this place.
 F = Levels seen in this place.
 G = Mean time per level.
                   A        B        C        D        E       F      G
               +--------+--------+--------+--------+--------+-----+--------+
         Total |   1164 |   1156 |      8 |    367 |    569 |   2 |  582.0 |
       Dungeon |   1164 |   1156 |      8 |    367 |    569 |   2 |  582.0 |
               +--------+--------+--------+--------+--------+-----+--------+

Top non-repeatable levels by time:
     D:1: 846 daAuts
     D:2: 317 daAuts
